 Dungeon Crawl Stone Soup version 0.28-a0-674-gdaf460b524 (webtiles) character file.

Game seed: 1719227583270422227

324 sleeves the Slasher (level 6, 0/46 (47) HPs)
             Began as a Demonspawn Monk on Oct 17, 2021.
             Slain by a necrophage (6 damage)
             ... on level 4 of the Dungeon.
             The game lasted 00:03:00 (4715 turns).

sleeves the Slasher (Demonspawn Monk)               Turns: 4715, Time: 00:03:01

HP:   0/46 (47)     AC:  6    Str: 11    XL:     6   Next: 23%
MP:   6/6           EV: 13    Int: 13    God:
Gold: 124           SH:  0    Dex: 16    Spells: 5/5 levels left

rFire   . . .      SeeInvis .   a - +0 falchion
rCold   . . .      Faith    .   (no shield)
rNeg    . . .      Spirit   .   f - +0 ring mail
rPois   .          Reflect  .   (no helmet)
rElec   .          Harm     .   (no cloak)
rCorr   .          Rampage  .   (no gloves)
Will    .....                   d - +0 pair of boots
Stlth   +.........              (no amulet)
HPRegen 0.15/turn               (no ring)
MPRegen 0.10/turn               (no ring)

@: lightly drained
A: repulsion field 1
a: no special abilities


You were on level 4 of the Dungeon.
You visited 1 branch of the dungeon, and saw 4 of its levels.

You collected 124 gold pieces.

Inventory:

Hand Weapons
 a - a +0 falchion (weapon)
Armour
 d - a +0 pair of boots (worn)
   (You found it on level 1 of the Dungeon)
 f - a +0 ring mail (worn)
   (You found it on level 3 of the Dungeon)
Wands
 l - a wand of acid (9)
   (You found it on level 2 of the Dungeon)
Scrolls
 c - 2 scrolls of enchant armour {unknown}
 e - a scroll of identify {unknown}
 j - a scroll of noise {unknown}
 k - a scroll of fear {unknown}
 m - a scroll of teleportation {unknown}
 o - a scroll of amnesia {unknown}
 p - a scroll of immolation {unknown}
Potions
 b - a potion of haste {unknown}
 g - a potion of magic
 h - a potion of resistance {unknown}
 i - a potion of might {unknown}
 n - a potion of attraction {unknown}
 q - a potion of flight {unknown}


   Skills:
 - Level 3.0 Fighting
 + Level 6.4 Long Blades
 - Level 2.6 Dodging
 - Level 1.7 Stealth


You had 5 spell levels left.
You didn't know any spells.
Your spell library contained the following spells:

 Spells                   Type           Power      Damage    Failure   Level
 Magic Dart               Conj           0%         1d3       58%         1
 Passwall                 Tmut/Erth      0%         N/A       75%         2
 Searing Ray              Conj           0%         2d4       75%         2
 Dazzling Flash           Conj/Hex       0%         N/A       92%         3
 Swiftness                Air            0%         N/A       92%         3
 Fulminant Prism          Conj/Hex       0%         3d6       100%        4
 Iskenderun's Mystic Bla  Conj/Tloc      0%         2d3       100%        4
 Invisibility             Hex            0%         N/A       100%        6
 Starburst                Conj/Fire      0%         6d3       100%        6


Dungeon Overview and Level Annotations

Branches:
Dungeon (4/15)
 Temple: D:4-7

Altars:
Cheibriados
Qazlal


Innate Abilities, Weirdness & Mutations

You are surrounded by a mild repulsion field. (EV +2)


Message History

The quokka is heavily wounded.
The quokka bites you. The quokka closely misses you.
You hit the quokka.
The quokka is severely wounded.
The quokka closely misses you.
You closely miss the quokka.
The quokka is severely wounded.
The quokka bites you.
You closely miss the quokka.
The quokka is severely wounded.
The quokka misses you.
You hit the quokka but do no damage.
The quokka is severely wounded.
The quokka closely misses you. The quokka bites you.
You hit the quokka.
You kill the quokka!
Your Long Blades skill increases to level 4!
No target in view!
l - a wand of acid (13)
Found a stone staircase leading down.
Key pressed, stopping explore.
No target in view!
No target in view!
No target in view!
No target in view!
You see here a +0 barding.
Things that are here:
a +0 dagger; a stone A quokka and a kobold come into view.
The kobold shouts!
There are monsters nearby!
There are monsters nearby!
There are monsters nearby!
You closely miss the kobold.
The kobold hits you with a +0 short sword.
You hit the kobold.
You kill the kobold!
A rat comes into view.
The quokka closely misses you.
You barely miss the quokka. The quokka misses you.
The quokka barely misses you.
You hit the quokka.
The quokka is almost dead.
The quokka misses you.
You barely miss the quokka.
The quokka is almost dead.
The quokka barely misses you.
You hit the quokka but do no damage.
The quokka is almost dead.
The quokka closely misses you. The quokka bites you.
You hit the quokka.
You kill the quokka!
You hit the rat.
The rat is moderately wounded.
The rat bites you but does no damage.
You hit the rat.
You kill the rat!
No target in view!
Things that are here:
a +0 short sword; a kobold corpse
Found a plate armour.
m - a scroll labelled CEODEEVVAE No target in view!
No target in view!
No target in view!
No target in view!
No target in view!
No target in view!
No target in view!
No target in view!
No target in view!
No target in view!
No target in view!
No target in view!
You now have 72 gold pieces (gained 13).
Found 29 arrows.
You now have 84 gold pieces (gained 12).
You see here 29 arrows.
You see here a +0 plate armour.
Things that are here:
a +0 dagger; a stone You see here a +0 barding.
Key pressed, stopping explore.
A quokka comes into view.
A quokka is nearby!
A quokka is nearby!
The helpless quokka fails to defend itself.
You hit the quokka.
The quokka is almost dead.
The quokka bites you.
You completely miss the quokka.
The quokka is almost dead.
The quokka twitches its whiskers.
The quokka misses you.
You hit the quokka.
You kill the quokka!
No target in view!
No target in view!
You see here a quokka corpse.
A goblin comes into view. It is wielding a +0 dagger.
The goblin shouts!
A hobgoblin comes into view.
There are monsters nearby!
There are monsters nearby!
You hit the goblin.
You kill the goblin!
The hobgoblin barely misses you.
Things that are here:
a +0 dagger; a goblin corpse You hit the hobgoblin.
You kill the hobgoblin!
No target in view!
No target in view!
No target in view!
No target in view!
No target in view!
No target in view!
No target in view!
No target in view!
No target in view!
No target in view!
No target in view!
No target in view!
No target in view!
No target in view!
No target in view!
n - a pink potion;
o - a scroll labelled UKOJEFERIYD You see here a +0 tower shield.
Done exploring.
Done exploring.
Done exploring.
No target in view!
No target in view!
Done exploring.
Done exploring.
Done exploring.
You can't go down here!
(D) Dungeon
Where to? (Enter - D:2, ? - help)
You see here a quokka corpse.
There is a stone staircase leading down here.
You climb downwards.
Found a stone staircase leading down.
There is a stone staircase leading up here.
Found 11 stones.
You open the door.
Found 20 arrows.
A rat comes into view.
There is an open door here.
An adder comes into view.
You slash the rat!
You kill the rat!
You see here a rat corpse.
The adder barely misses you. The adder closely misses you.
An adder is nearby!
An adder is nearby!
You closely miss the adder. The adder closely misses you.
You miss the adder. The adder bites you but does no damage.
The adder bites you.
You barely miss the adder. The adder bites you but does no damage.
You barely miss the adder. The adder completely misses you.
The adder bites you but does no damage.
You barely miss the adder. The adder barely misses you.
You hit the adder.
The adder is heavily wounded.
The adder closely misses you.
You miss the adder.
The adder is heavily wounded.
The adder barely misses you. The adder misses you.
You hit the adder but do no damage.
The adder is heavily wounded.
The adder bites you.
You are poisoned.
The adder poisons you!
You completely miss the adder.
The adder is heavily wounded.
You feel sick. The adder bites you but does no damage. The adder bites you.
You are more poisoned.
The adder poisons you!
You are too injured to fight recklessly!
You are too injured to fight recklessly!
You are too injured to fight recklessly!
You are too injured to fight recklessly!
You are too injured to fight recklessly!
You are too injured to fight recklessly!
You are too injured to fight recklessly!
You are too injured to fight recklessly!
You are too injured to fight recklessly!
You are too injured to fight recklessly!
You are too injured to fight recklessly!
You are too injured to fight recklessly!
You are too injured to fight recklessly!
You are too injured to fight recklessly!
You hit the adder.
The adder is severely wounded.
You feel very sick. The adder bites you.
You are lethally poisoned!
The adder poisons you!
You slash the adder!
You kill the adder!
* * * LOW HITPOINT WARNING * * *
You feel very sick.
It was a potion of magic.
Magic courses through your body.
* * * LOW HITPOINT WARNING * * *
You feel sick.
It was a potion of curing.
You feel better.
HP restored.
You open the door.
There is an open door here.
You open the door.
A hobgoblin comes into view.
The hobgoblin shouts!
A hobgoblin is nearby!
A hobgoblin is nearby!
A hobgoblin is nearby!
The hobgoblin hits you but does no damage.
There is an open door here.
You hit the hobgoblin.
The hobgoblin is almost dead.
The hobgoblin hits you.
You barely miss the hobgoblin.
The hobgoblin is almost dead.
The hobgoblin closely misses you.
You closely miss the hobgoblin.
The hobgoblin is almost dead.
The hobgoblin hits you.
You hit the hobgoblin.
You kill the hobgoblin!
No target in view!
No target in view!
No target in view!
Found a snail-covered altar of Cheibriados.
There is a snail-covered altar of Cheibriados here.
You open the door.
There is an open door here.
Found a stone staircase leading down.
A rat comes into view.
The rat closely misses you.
You hit the rat.
You kill the rat!
No target in view!
No target in view!
No target in view!
No target in view!
As you open the door, it creaks loudly!
There is an open door here.
You open the door.
There is an open door here.
There is an open door here.
There is an open door here.
Found a weird smoking staff.
You see here a staff of death.
Found a stone staircase leading up.
No target in view!
No target in view!
No target in view!
No target in view!
No target in view!
No target in view!
No target in view!
No target in view!
No target in view!
No target in view!
No target in view!
Found a dagger.
No target in view!
No target in view!
No target in view!
No target in view!
No target in view!
No target in view!
No target in view!
No target in view!
No target in view!
You pick up a book of Burglary and begin reading...
You add the spells Passwall, Swiftness and Invisibility to your library.
You now have 94 gold pieces (gained 10).
Found a hunting sling.
You see here a +0 hunting sling.
You open the door.
There is an open door here.
You open the door.
There is an open door here.
Found an escape hatch in the ceiling.
Okay, then.
There is an escape hatch in the ceiling here.
You open the door.
An adder comes into view.
An adder is nearby!
There is an open door here.
The helpless adder fails to defend itself.
You hit the adder.
The adder is heavily wounded.
The adder barely misses you. The adder misses you.
You closely miss the adder.
The adder is heavily wounded.
The adder misses you.
You barely miss the adder.
The adder is heavily wounded.
The adder completely misses you. The adder misses you.
You hit the adder but do no damage.
The adder is heavily wounded.
The adder bites you.
You are poisoned.
The adder poisons you!
You closely miss the adder.
The adder is heavily wounded.
You feel sick. The adder closely misses you.
You closely miss the adder.
The adder is heavily wounded.
You feel sick. The adder bites you but does no damage.
The adder closely misses you.
You barely miss the adder.
The adder is heavily wounded.
You feel sick. The adder misses you.
You barely miss the adder.
The adder is heavily wounded.
You feel sick.
You are no longer poisoned.
The adder bites you.
You are poisoned.
The adder poisons you! The adder closely misses you.
You are too injured to fight recklessly!
You are too injured to fight recklessly!
You are too injured to fight recklessly!
You are too injured to fight recklessly!
You are too injured to fight recklessly!
You are too injured to fight recklessly!
You are too injured to fight recklessly!
You are too injured to fight recklessly!
An adder is nearby!
You slash the adder!
You kill the adder!
You feel sick.
You feel sick.
You feel sick.
You feel sick.
You are no longer poisoned.
You open the door.
There is an open door here.
Key pressed, stopping explore.
You open the door.
There is an open door here.
You open the door.
A kobold comes into view. It is wielding a +0 dagger.
The kobold shouts!
A kobold is nearby!
A kobold is nearby!
There is an open door here.
The kobold misses you.
You hit the kobold.
You kill the kobold!
No target in view!
No target in view!
No target in view!
No target in view!
No target in view!
No target in view!
No target in view!
No target in view!
Things that are here:
a +0 dagger; 5 stones; a kobold corpse A ball python comes into view.
A ball python is nearby!
Found 12 gold pieces.
Found 18 gold pieces.
The ball python hisses angrily.
You barely miss the ball python. The ball python misses you.
The ball python barely misses you.
You slash the ball python!
You kill the ball python!
You have reached level 4!
You feel agile.
You now have 112 gold pieces (gained 18).
Found a ring mail.
Found a stone staircase leading up.
You now have 124 gold pieces (gained 12).
You open the door.
There is an open door here.
There is an open door here.
There is an open door here.
There is an open door here.
Found an escape hatch in the floor.
No target in view!
No target in view!
No target in view!
No target in view!
No target in view!
No target in view!
No target in view!
No target in view!
No target in view!
There is an open door here.
There is an open door here.
An adder comes into view.
An adder is nearby!
An adder is nearby!
Found a stone staircase leading down.
There is an open door here.
The adder hisses angrily.
You slash the adder!
The adder is severely wounded.
The adder barely misses you.
You barely miss the adder.
The adder is severely wounded.
The adder misses you.
You hit the adder.
You kill the adder!
No target in view!
No target in view!
No target in view!
No target in view!
No target in view!
No target in view!
No target in view!
You see here an adder corpse.
There is a stone staircase leading down here.
A dart slug comes into view.
A dart slug is nearby!
The helpless dart slug fails to defend itself.
You hit the dart slug.
The dart slug is heavily wounded.
You slash the dart slug!
You kill the dart slug!
No target in view!
No target in view!
No target in view!
No target in view!
No target in view!
No target in view!
No target in view!
No target in view!
No target in view!
No target in view!
Search for what [? for help]? armor You see here a dart slug corpse.
There is an open door here.
There is an open door here.
There is an open door here.
There is an open door here.
There is an open door here.
There is an open door here.
You see here a +0 ring mail.
f - a +0 ring mail You start removing your armour.
You continue taking off your +0 robe. x4
You finish taking off your +0 robe.
You start putting on your armour.
You continue putting on your +0 ring mail. x5
You finish putting on your +0 ring mail.
Drop what? 15/52 slots (_ for help) (? for menu, Esc to quit)
You drop a +0 robe.
There is an open door here.
There is an open door here.
There is an open door here.
There is an open door here.
There is an open door here.
There is an open door here.
A ball python and a hobgoblin come into view.
There are monsters nearby!
There are monsters nearby!
There are monsters nearby!
There are monsters nearby!
The ball python hisses angrily.
The ball python bites you but does no damage.
The ball python grabs you. The ball python constricts you.
The hobgoblin hits you but does no damage.
You closely miss the ball python.
The ball python bites you but does no damage.
The ball python constricts you. The hobgoblin barely misses you.
The ball python bites you but does no damage.
The ball python constricts you.
You closely miss the ball python. The hobgoblin hits you.
The ball python bites you but does no damage.
The ball python constricts you.
You closely miss the ball python. The hobgoblin barely misses you.
The ball python bites you. The ball python constricts you.
You hit the ball python.
The ball python is severely wounded.
The ball python bites you. The ball python constricts you.
The hobgoblin hits you but does no damage. x2
The ball python barely misses you. The ball python constricts you.
You hit the ball python.
You kill the ball python!
The hobgoblin barely misses you.
You hit the hobgoblin.
The hobgoblin is lightly wounded.
The hobgoblin misses you.
You closely miss the hobgoblin.
The hobgoblin is lightly wounded.
The hobgoblin closely misses you.
You hit the hobgoblin.
You kill the hobgoblin!
No target in view!
No target in view!
No target in view!
No target in view!
No target in view!
No target in view!
No target in view!
No target in view!
No target in view!
No target in view!
An orc and a dart slug come into view.
The orc is wielding a +4 dagger of venom.
There are monsters nearby!
There are monsters nearby!
Found a stormy altar of Qazlal.
The orc shouts!
Found a book of Conjurations and 21 arrows.
The dart slug barely misses you.
You hit the dart slug.
The dart slug is moderately wounded.
You hit the dart slug.
The dart slug is severely wounded.
The dart slug launches a dart at you. The slug dart misses you.
You slash the dart slug!
You kill the dart slug!
The orc barely misses you.
A ball python comes into view.
The ball python hisses angrily.
You hit the orc.
You kill the orc!
You see here a dart slug corpse.
You hit the ball python.
You kill the ball python!
No target in view!
No target in view!
No target in view!
No target in view!
You see here a dart slug corpse.
Things that are here:
a +4 dagger of venom; a +0 scale mail; an orc corpse You pick up a book of Conjurations and begin reading...
You add the spells Magic Dart, Searing Ray and Fulminant Prism to your library.
You see here a +0 hunting sling.
You see here 11 stones.
c - 2 scrolls labelled JARCHO GIHUI (gained 1)
A goblin comes into view. It is wielding a +0 club.
A goblin is nearby!
A goblin is nearby!
A goblin is nearby!
Okay, then.
Unknown command.
The goblin shouts!
The goblin hits you but does no damage.
You slash the goblin!
You kill the goblin!
No target in view!
No target in view!
No target in view!
No target in view!
No target in view!
No target in view!
No target in view!
No target in view!
No target in view!
b - a golden potion;
p - a scroll labelled ZETAOTW FARCH You see here a +0 club.
You open the door.
You see here a +0 dagger.
There is an open door here.
There is an open door here.
There is a stone staircase leading up here.
There is a stone staircase leading up here.
Key pressed, stopping explore.
There is an open door here.
There is an open door here.
There is an open door here.
There is an open door here.
There is an open door, spattered with blood here.
There is a snail-covered altar of Cheibriados here.
There is an open door here.
Key pressed, stopping explore.
A ball python comes into view.
The helpless ball python fails to defend itself.
You hit the ball python.
The ball python is moderately wounded.
The ball python bites you but does no damage.
The ball python misses you.
You slash the ball python!
You kill the ball python!
No target in view!
No target in view!
No target in view!
No target in view!
No target in view!
No target in view!
No target in view!
You open the large door.
Found 25 arrows.
There is a large open door here.
Done exploring.
Done exploring.
No target in view!
No target in view!
No target in view!
No target in view!
No target in view!
No target in view!
No target in view!
Done exploring.
(D) Dungeon
Where to? (Enter - D:3 @ (x,y), ? - help)
There is a large open door here.
There is a stone staircase leading down here.
You climb downwards.
Found 21 stones.
Found a stone staircase leading down.
There is a stone staircase leading up here.
There are monsters nearby!
There are monsters nearby!
There are monsters nearby!
The kobold shouts!
The centaur wields a +0 shortbow.
The centaur shoots an arrow.
The arrow hits you!
The centaur shoots an arrow.
The arrow hits you.
There is a stone staircase leading up here.
The centaur shoots an arrow.
The arrow hits you.
You climb upwards.
There is a stone staircase leading down here.
You start resting.
HP restored.
You see here a +0 dagger.
You see here 11 stones.
There is a stone staircase leading down here.
You climb downwards.
There is a stone staircase leading up here.
You open the door.
An orc wizard comes into view. It is wielding a +0 dagger.
Found a lumpy blue potion.
Found an escape hatch in the ceiling.
The orc wizard shouts!
A scorpion comes into view.
There is an open door here.
There are monsters nearby!
There are monsters nearby!
An orc comes into view. It is wielding a +0 dagger.
An orc comes into view. It is wielding a +0 whip.
The orc wizard points at you and mumbles some strange words.
The magic dart hits you.
There is an open door here.
The orc wizard mumbles some strange words.
The orc wizard flickers and vanishes!
Deactivating autopickup; reactivate with Ctrl-A.
Aiming: Corrosive Bolt
Press: ? - help, Shift-Dir - straight line, f - scorpion
Aim: a scorpion (71% to hit)
Okay, then.
You hit the scorpion but do no damage. The scorpion misses you.
You hit the scorpion.
The scorpion is lightly wounded.
The scorpion closely misses you.
You completely miss the scorpion.
The scorpion is lightly wounded.
The scorpion barely misses you. x2
You hit the scorpion but do no damage.
The scorpion is lightly wounded.
The scorpion closely misses you.
You hit the scorpion.
The scorpion is moderately wounded.
The scorpion stings you.
You barely miss the scorpion.
The scorpion is moderately wounded.
The scorpion closely misses you. The scorpion misses you.
You barely miss the scorpion.
The scorpion is moderately wounded.
The scorpion stings you but does no damage.
You barely miss the scorpion.
The scorpion is moderately wounded.
The scorpion stings you.
You hit the scorpion.
The scorpion is moderately wounded.
The scorpion completely misses you.
You barely miss the scorpion.
The scorpion is moderately wounded.
The scorpion closely misses you.
The scorpion stings you but does no damage.
You closely miss the scorpion.
The scorpion is moderately wounded.
The scorpion stings you but does no damage.
You hit the scorpion but do no damage.
The scorpion is moderately wounded.
The scorpion closely misses you.
You hit the scorpion but do no damage.
The scorpion is moderately wounded.
The scorpion misses you. The scorpion closely misses you.
You hit the scorpion.
The scorpion is heavily wounded.
The scorpion completely misses you.
You hit the scorpion but do no damage.
The scorpion is heavily wounded.
The scorpion stings you but does no damage.
You slash the scorpion!
You kill the scorpion!
Your Long Blades skill increases to level 5!
You have reached level 5!
You hit something. Something hits you.
You hit something. Something hits you.
You completely miss something. Something hits you but does no damage.
You hear some strange, mumbled words.
A puff of flame appears from out of thin air!
The puff of flame hits you!
You miss something. Something hits you but does no damage.
You closely miss something. Something hits you but does no damage.
You barely miss something. Something hits you.
You barely miss something. Something hits you but does no damage.
You hit something but do no damage. Something hits you.
* * * LOW HITPOINT WARNING * * *
You hit something. Something hits you.
* * * LOW HITPOINT WARNING * * *
You closely miss something. Something hits you but does no damage.
You hit something but do no damage. Something barely misses you.
You hit something but do no damage. Something hits you but does no damage.
You closely miss something. Something hits you but does no damage.
You hit something.
Reactivating autopickup.
You feel a bit more experienced.
Things that are here:
a +0 dagger; a +0 robe An adder skeleton comes into view.
The adder skeleton bites you but does no damage.
You hit the adder skeleton.
The adder skeleton is moderately damaged.
The adder skeleton bites you.
You barely miss the adder skeleton.
The adder skeleton is moderately damaged.
The adder skeleton misses you.
The adder skeleton bites you but does no damage.
You hit the adder skeleton.
The adder skeleton is heavily damaged.
The adder skeleton closely misses you.
You closely miss the adder skeleton.
The adder skeleton is heavily damaged.
The adder skeleton bites you.
You hit the adder skeleton.
The adder skeleton is severely damaged.
The adder skeleton barely misses you.
Your ring mail prevents you from hitting the adder skeleton.
The adder skeleton is severely damaged.
The adder skeleton barely misses you.
You completely miss the adder skeleton.
The adder skeleton is severely damaged.
The adder skeleton barely misses you.
You hit the adder skeleton.
The adder skeleton is almost destroyed.
The adder skeleton closely misses you.
You hit the adder skeleton.
The adder skeleton is almost destroyed.
The adder skeleton misses you.
You hit the adder skeleton.
You destroy the adder skeleton!
HP restored.
The orc shouts!
You hear a shout!
An orc is nearby!
An orc is nearby!
An orc comes into view. It is wielding a +0 short sword.
The orc shouts!
There is an open door here.
The orc shouts!
You hit the orc.
The orc is moderately wounded.
The orc hits you but does no damage.
You hit the orc.
The orc is almost dead.
The orc barely misses you.
You hit the orc.
The orc is severely wounded.
The orc closely misses you.
You hit the orc but do no damage.
The orc is severely wounded.
The orc closely misses you.
You hit the orc.
The orc is almost dead.
The orc misses you.
You hit the orc but do no damage.
The orc is almost dead.
The orc misses you.
You hit the orc.
You kill the orc!
You barely miss the orc.
The orc is almost dead.
You hit the orc but do no damage.
The orc is almost dead.
The orc misses you.
You slash the orc!
You kill the orc!
You slash the orc!
You kill the orc!
No target in view!
No target in view!
No target in view!
No target in view!
No target in view!
No target in view!
No target in view!
No target in view!
No target in view!
No target in view!
No target in view!
No target in view!
No target in view!
No target in view!
No target in view!
There is an open door here.
Items here: ))) [[ †.
A black bear comes into view.
The black bear growls angrily.
A black bear is nearby!
A black bear is nearby!
Okay, then.
You hit the black bear.
The black bear is moderately wounded.
The black bear bites you but does no damage.
The black bear claws you but does no damage. x2
You hit the black bear.
The black bear is moderately wounded.
The black bear bites you but does no damage.
The black bear closely misses you. The black bear claws you.
You hit the black bear.
The black bear is heavily wounded.
The black bear bites you but does no damage.
The black bear claws you. The black bear closely misses you.
You slash the black bear!
The black bear is severely wounded.
The black bear goes berserk!
You hit the black bear.
The black bear is severely wounded.
The black bear misses you.
The black bear claws you but does no damage.
The black bear claws you.
You completely miss the black bear.
The black bear is severely wounded.
The black bear bites you.
The black bear claws you but does no damage.
The black bear closely misses you. x2; The black bear barely misses you.
The black bear claws you.
You hit the black bear.
The black bear is almost dead.
The black bear misses you. The black bear claws you.
The black bear closely misses you.
You are too injured to fight recklessly!
You are too injured to fight recklessly!
You are too injured to fight recklessly!
You are too injured to fight recklessly!
You are too injured to fight recklessly!
You are too injured to fight recklessly!
You are too injured to fight recklessly!
You are too injured to fight recklessly!
You are too injured to fight recklessly!
You are too injured to fight recklessly!
You are too injured to fight recklessly!
You are too injured to fight recklessly!
You are too injured to fight recklessly!
You are too injured to fight recklessly!
You are too injured to fight recklessly!
You barely miss the black bear.
The black bear is almost dead.
The black bear barely misses you.
The black bear claws you but does no damage.
The black bear barely misses you. The black bear bites you.
The black bear claws you but does no damage.
The black bear claws you.
* * * LOW HITPOINT WARNING * * *
You hit the black bear.
The black bear is almost dead.
The black bear bites you!
* * * LOW HITPOINT WARNING * * *
The black bear claws you.
* * * LOW HITPOINT WARNING * * *
The black bear barely misses you.
Aiming: Corrosive Bolt
Press: ? - help, Shift-Dir - straight line, f - black bear
Aim: a black bear (almost dead, berserk, 79% to hit)
The bolt of acid hits the black bear!
You kill the black bear!
Your Long Blades skill increases to level 6!
You have reached level 6!
Your experience leads to an increase in your attributes!
Increase (S)trength, (I)ntelligence, or (D)exterity?
You feel clever.
Key pressed, stopping explore.
Key pressed, stopping explore.
A giant cockroach comes into view.
A giant cockroach is nearby!
A giant cockroach is nearby!
A giant cockroach is nearby!
A giant cockroach is nearby!
The giant cockroach waves its antennae.
The giant cockroach misses you.
You slash the giant cockroach!
You kill the giant cockroach!
No target in view!
No target in view!
No target in view!
No target in view!
No target in view!
No target in view!
No target in view!
No target in view!
No target in view!
No target in view!
q - a lumpy blue potion You see here a black bear skeleton.
You open the door.
Found a stone staircase leading down.
An iguana comes into view.
An iguana is nearby!
The iguana hisses angrily.
A hound comes into view.
A necrophage comes into view.
The hound barks!
You hit the iguana.
The iguana is lightly wounded.
The iguana bites you but does no damage.
You hit the iguana but do no damage.
The iguana is lightly wounded.
The hound pauses to sniff the ground.
The iguana bites you.
You hit the iguana.
The iguana is heavily wounded.
The iguana bites you.
You hit the iguana but do no damage.
The iguana is heavily wounded.
The iguana misses you.
You hit the iguana.
The iguana is heavily wounded.
The iguana misses you.
You hit the iguana but do no damage.
The iguana is heavily wounded.
You hit the iguana.
The iguana is severely wounded.
The iguana bites you.
A ball python comes into view.
The ball python hisses angrily.
You hit the iguana but do no damage.
The iguana is severely wounded.
The iguana bites you.
You hit the iguana.
The iguana is almost dead.
The iguana bites you!
* * * LOW HITPOINT WARNING * * *
You are too injured to fight recklessly!
You are too injured to fight recklessly!
You are too injured to fight recklessly!
You are too injured to fight recklessly!
You are too injured to fight recklessly!
You are too injured to fight recklessly!
You are too injured to fight recklessly!
You are too injured to fight recklessly!
You are too injured to fight recklessly!
You are too injured to fight recklessly!
You are too injured to fight recklessly!
You are too injured to fight recklessly!
You completely miss the iguana.
The iguana is almost dead.
The iguana closely misses you.
Aiming: Corrosive Bolt
Press: ? - help, Shift-Dir - straight line, f - iguana
Aim: an iguana (almost dead, 75% to hit)
The bolt of acid hits the iguana!
You kill the iguana!
The bolt of acid hits the hound!
The hound is heavily wounded.
The bolt of acid hits the necrophage!
The necrophage is moderately damaged.
The bolt of acid misses the ball python.
The hound bites you.
* * * LOW HITPOINT WARNING * * *
You barely miss the hound.
The hound is heavily wounded.
The hound barely misses you. The hound bites you.
* * * LOW HITPOINT WARNING * * *
Aiming: Corrosive Bolt
Press: ? - help, Shift-Dir - straight line, f - hound
Aim: a hound (heavily wounded, 60% to hit)
The bolt of acid hits the hound!
The acid corrodes the hound!
You kill the hound!
The bolt of acid misses the necrophage.
The bolt of acid hits the ball python!
You kill the ball python!
You closely miss the necrophage.
The necrophage is moderately damaged.
The necrophage hits you.
* * * LOW HITPOINT WARNING * * *
You feel drained.
* * * LOW HITPOINT WARNING * * *
You barely miss the necrophage.
The necrophage is moderately damaged.
The necrophage hits you.
* * * LOW HITPOINT WARNING * * *
Aiming: Corrosive Bolt
Press: ? - help, Shift-Dir - straight line, f - necrophage
Aim: a necrophage (moderately damaged, 71% to hit)
The bolt of acid misses the necrophage.
The necrophage closely misses you.
You closely miss the necrophage.
The necrophage is moderately damaged.
The necrophage barely misses you.
You closely miss the necrophage.
The necrophage is moderately damaged.
The necrophage hits you.
You die...

#.... +... #...
..# ..##.. #.#
..##.. #.# ..##†#
#.# #.##.# #.#
#>##n# #.# #.##@#
#.# ###'##.# #÷#
#......##
#.####......'.....
#...........######
#...........#
######...........#
.....)......<....#
.#####...........#


You could see a necrophage.

Vanquished Creatures
  A black bear (D:4)
  A scorpion (D:4)
  A hound (D:4)
  An iguana (D:4)
  An orc wizard (D:4)
  3 adders (D:3)
  An adder skeleton (D:4)
  2 dart slugs (D:3)
  4 orcs
  4 endoplasms
  2 giant cockroaches
  8 goblins
  5 hobgoblins
  6 kobolds
  7 quokkas
  7 ball pythons
  4 bats
  A frilled lizard (D:1)
  6 rats
65 creatures vanquished.

Notes
Turn   | Place    | Note
-------+----------+-------------------------------------------
     0 | D:1      | sleeves the Demonspawn Monk began the quest for the Orb.
     0 | D:1      | Reached XP level 1. HP: 18/18 MP: 1/1
   148 | D:1      | HP: 6/18 [kobold (4)]
   391 | D:1      | Reached skill level 3 in Long Blades
   404 | D:1      | HP: 8/18 [hobgoblin (4)]
   409 | D:1      | HP: 5/18 [kobold (3)]
   665 | D:1      | Gained mutation: You are surrounded by a mild repulsion
                  | field. (EV +2) [demonic ancestry]
   665 | D:1      | Reached XP level 2. HP: 20/24 MP: 2/2
  1595 | D:2      | Found a faded altar of an unknown god.
  1719 | D:2      | Reached XP level 3. HP: 29/29 MP: 3/3
  2023 | D:2      | Reached skill level 4 in Long Blades
  2581 | D:3      | HP: 12/29 [poisoned by an adder]
  2792 | D:3      | Found a snail-covered altar of Cheibriados.
  2984 | D:3      | HP: 14/29 [poisoned by an adder]
  3180 | D:3      | Reached XP level 4. HP: 35/35 MP: 4/4
  3538 | D:3      | Found a stormy altar of Qazlal.
  3883 | D:4      | Noticed a centaur
  4123 | D:4      | Noticed a scorpion
  4159 | D:4      | Killed a scorpion
  4160 | D:4      | Reached skill level 5 in Long Blades
  4160 | D:4      | Reached XP level 5. HP: 36/41 MP: 5/5
  4167 | D:4      | HP: 20/41 [something (3)]
  4409 | D:4      | Noticed a black bear
  4421 | D:4      | HP: 19/41 [black bear (6)]
  4422 | D:4      | HP: 7/41 [black bear (4)]
  4423 | D:4      | Killed a black bear
  4424 | D:4      | Reached skill level 6 in Long Blades
  4424 | D:4      | Reached XP level 6. HP: 9/47 MP: 6/6
  4705 | D:4      | HP: 23/47 [iguana (12)]
  4711 | D:4      | HP: 13/47 [necrophage (6)]
  4712 | D:4      | HP: 6/46 [necrophage (5)]
  4715 | D:4      | Slain by a necrophage

Illustrated notes

Levels and vault maps discovered:
D:1:      nagdon_arrival_zigzag_paths, layout_basic
D:2:      layout_basic, shapermc_ecumenical_altar_mp_highgroup, minmay_tripent
D:3:      layout_basic, mainiacjoe_overflow_six_doors_small, old_standard_altar,
          dk_noncrumbling_4, kennysheep_generic_room_3
D:4:      layout_basic, uniq_sigmund

Skill      XL: |  1  2  3  4  5 |
---------------+----------------+-----
Long Blades    | 3 4 5 6 |  6.4
Fighting       | |  3.0
Dodging        | |  2.6
Stealth        | |  1.7

Action                   |  1- 3 |  4- 6 || total
-------------------------+-------+-------++-------
Melee: Falchion          |   143 |    97 ||   240
Evoke: Wand              |       |     4 ||     4
  Use: Potion            |     2 |       ||     2
 Stab: Sleeping          |    13 |     2 ||    15
Armor: Robe              |    26 |       ||    26
       Ring mail         |       |    33 ||    33
Dodge: Dodged            |   108 |    57 ||   165

Table legend: (Time is in decaauts)
 A = Elapsed time spent in this place.
 B = Non-inter-level travel time spent in this place.
 C = Inter-level travel time spent in this place.
 D = Time resting spent in this place.
 E = Time spent auto-exploring this place.
 F = Levels seen in this place.
 G = Mean time per level.
                   A        B        C        D        E       F      G
               +--------+--------+--------+--------+--------+-----+--------+
         Total |   4734 |   4423 |    311 |    109 |   3752 |   4 | 1183.5 |
       Dungeon |   4734 |   4423 |    311 |    109 |   3752 |   4 | 1183.5 |
               +--------+--------+--------+--------+--------+-----+--------+

Top non-repeatable levels by time:
     D:3: 1550 daAuts
     D:1: 1386 daAuts
     D:2: 1120 daAuts
     D:4: 677 daAuts
